 Dungeon Crawl Stone Soup version 0.24.1-4-ge52af88ad5 (webtiles) character file.

Game seed: 9795046100578105323, levelgen mode: deterministic

2188 gojibjaengi the Chopper (level 9, -15/55 HPs)
             Began as a Gargoyle Skald on Apr 21, 2020.
             Blown up by Pikel (31 damage)
             ... with a disintegration bolt
             ... on level 7 of the Dungeon on Apr 22, 2020.
             The game lasted 00:21:16 (7770 turns).

gojibjaengi the Chopper (Gargoyle Skald)            Turns: 7770, Time: 00:21:17

Health: -15/55     AC: 23    Str: 18    XL:     9   Next: 33%
Magic:  12/12      EV: 11    Int: 14    God:
Gold:   385        SH:  0    Dex:  9    Spells: 6/12 levels left

rFire    . . .     SeeInvis .   a - +2 trident (venom)
rCold    . . .     Gourm    +   (no shield)
rNeg     + . .     Faith    .   A - +3 ring mail
rPois    ∞         Spirit   .   (no helmet)
rElec    +         Reflect  .   (no cloak)
rCorr    .         Harm     .   v - +1 pair of gloves
MR       .....                  B - +2 pair of boots
Stlth    ..........             l - amulet of the gourmand
HPRegen  0.18/turn              y - +2 ring of protection
MPRegen  0.13/turn              G - ring of flight

@: no status effects
A: negative energy resistance 1, electricity resistance, unbreathing,
petrification resistance, rot immunity, AC +6
a: Evoke Flight


You were on level 7 of the Dungeon.
You were completely stuffed.

You visited 2 branches of the dungeon, and saw 8 of its levels.
You also visited: Sewer.

You collected 385 gold pieces.

Inventory:

Hand Weapons
 a - a +2 trident of venom (weapon)
 b - a +2 war axe of flaming
 C - a +0 halberd of chopping
Missiles
 g - 4 curare-tipped darts
 u - 2 throwing nets
 D - 7 poisoned darts (quivered)
 E - 11 boomerangs
Armour
 m - a +0 ring mail
 v - a +1 pair of gloves (worn)
 A - a +3 ring mail (worn)
 B - a +2 pair of boots (worn)
Jewellery
 l - an amulet of the gourmand (around neck)
 y - a +2 ring of protection (left hand)
 G - a ring of flight (right hand)
Wands
 s - a wand of acid (8)
Scrolls
 c - a scroll of enchant weapon
 e - 4 scrolls of blinking
 f - 5 scrolls of remove curse
 r - 3 scrolls of amnesia
 x - 2 scrolls of teleportation
 H - a scroll of identify
 I - 2 scrolls of immolation {unknown}
 K - a scroll of enchant armour
Potions
 h - 2 potions of curing {unknown}
 i - 3 potions of flight {unknown}
 j - 2 potions of agility {unknown}
 k - 2 potions of haste {unknown}
 n - 2 potions of berserk rage {unknown}
 o - a potion of ambrosia {unknown}
 p - a potion of resistance {unknown}
 t - 3 potions of heal wounds
 w - 2 potions of lignification
 z - 4 potions of might
 F - a potion of cancellation {unknown}
 J - a potion of mutation {unknown}
Comestibles
 d - 10 rations
 q - a chunk of flesh


   Skills:
 + Level 6.0 Fighting
 * Level 7.8(8.1) Axes
 - Level 3.3(6.0) Polearms
 + Level 1.2 Throwing
 * Level 6.2 Armour
 - Level 1.5 Dodging
 - Level 2.0 Spellcasting
 - Level 2.6 Charms


You had 6 spell levels left.
You knew the following spells:

 Your Spells              Type           Power        Failure   Level  Hunger
a - Infusion              Chrm           #...         13%         1    ##.....
b - Song of Slaying       Chrm           #.......     21%         2    ###....
c - Regeneration          Chrm/Necr      #.........   56%         3    ####...

Your spell library contained the following spells:

 Spells                   Type           Power        Failure   Level  Hunger
 Shroud of Golubria       Chrm/Tloc      #.....       34%         2    ###....
 Beastly Appendage        Tmut           #.....       36%         1    ##.....
 Sticks to Snakes         Tmut           #.......     52%         2    ###....
 Spectral Weapon          Hex/Chrm       #.......     56%         3    ####...
 Spider Form              Tmut/Pois      #.........   75%         3    ####...
 Ice Form                 Ice/Tmut       #.......     98%         4    #####..
 Blade Hands              Tmut           #.........   100%        5    ######.


Dungeon Overview and Level Annotations

Branches:
Dungeon (7/15)             Temple (1/1) D:4           Sewer (visited)

Altars:
Ashenzari
Cheibriados
Dithmenos
Elyvilon
Fedhas
Gozag
Kikubaaqudgha
Makhleb
Nemelex Xobeh
Okawaru
Ru
Sif Muna
Trog
Uskayaw
Vehumet
Wu Jian
Xom
Yredelemnul
Zin
The Shining One

Annotations:
D:3 1 runed translucent door, Nebesus's ghost, novice MiFi
D:7 Pikel


Innate Abilities, Weirdness & Mutations

You are resistant to torment.
Your stone body is resilient. (AC +6)
You are immune to poison.
You resist negative energy. (rN+)
You are resistant to electric shocks. (rElec)
You can survive without breathing.
You are immune to petrification.
You are immune to rotting.


Message History

You reach to attack!
You closely miss the orc wizard.
The orc wizard miscasts a cantrip.
You closely miss the orc wizard. The orc wizard misses you.
You hit the orc wizard.
The orc wizard is poisoned.
The orc wizard is lightly wounded.
The orc wizard hits you but does no damage. x2
Some of the chunks of flesh in your inventory have rotted away.
You barely miss the orc wizard.
The orc wizard is moderately wounded.
Pikel waves his whip at you. The orc wizard closely misses you.
The orc wizard closely misses you.
The orc wizard gestures at you while chanting.
The puff of flame hits you.
* * * LOW HITPOINT WARNING * * *
You hit the orc wizard.
You kill the orc wizard!
Pikel zaps a wand.
You are blasted!
Ouch! That really hurt!
You die...

.........#.#.#.#.#.#.#.##..#
.⌠.⌠.#.#.#.#.#.#.#.#.###..#
.......#.#.#.#.#.#.#.##K.# ..
.#.#.#.#.#.#.#.###..#
#.#.#.#.#.#.#.....#
#.#.#.#K#.#.#...##
#.#.#.#.#.#.#### #.#)#.#.#)## .#.
#@#.#.#.#.# ###### #.#
#.#.#.#.#.## #..... #.#
######.###### #.#### #.#
#...##.#########.# # # #.#
#....#...........# # # #.#
#....################ #
#.###....................
#########.......#################
..................#


You could see Pikel.

Vanquished Creatures
  Sigmund (D:4)
  A black bear (D:7)
  An orc warrior (D:7)
  2 slaves (D:7)
  A phantom (D:5)
  2 ogres
  A sky beast (D:6)
  2 centaurs (D:5)
  A big kobold (Sewer)
  Blork the orc (D:4)
  2 bullfrogs
  2 scorpions
  A howler monkey (D:6)
  2 orc priests
  A jelly (D:5)
  A gnoll shaman (D:4)
  A hound (D:4)
  6 worker ants
  5 orc wizards
  2 hound zombies
  21 gnolls
  8 adders
  5 river rats
  A shadow imp (D:7)
  An adder skeleton (D:6)
  2 worms
  A dart slug (D:1)
  11 leopard geckos
  19 orcs
  A ball python (D:5)
  3 giant cockroaches
  8 goblins
  5 hobgoblins
  18 jackals
  A quokka (D:6)
  4 bats
  4 frilled lizards
  A giant cockroach zombie (D:5)
  A jackal skeleton (D:5)
  A jackal zombie (D:5)
  9 kobolds
  A leopard gecko skeleton (D:6)
  A quokka skeleton (D:4)
  A quokka zombie (D:6)
  15 rats
179 creatures vanquished.

Notes
Turn   | Place    | Note
-------+----------+-------------------------------------------
     0 | D:1      | gojibjaengi the Gargoyle Skald began the quest for the Orb.
     0 | D:1      | Reached XP level 1. HP: 12/12 MP: 3/3
   227 | D:1      | Reached skill level 2 in Axes
   299 | D:1      | Reached XP level 2. HP: 9/18 MP: 0/5
   507 | D:1      | Reached XP level 3. HP: 3/22 MP: 2/6
  1640 | D:2      | Learned a level 2 spell: Song of Slaying
  1644 | D:2      | Learned a level 3 spell: Regeneration
  1758 | D:2      | Reached XP level 4. HP: 28/28 MP: 7/7
  1829 | D:2      | Reached skill level 3 in Axes
  1871 | D:2      | Found a glowing silver altar of Zin.
  2148 | D:2      | Found a basalt altar of Yredelemnul.
  2148 | D:2      | Found a sparkling altar of Nemelex Xobeh.
  2555 | D:3      | Reached XP level 5. HP: 31/32 MP: 2/8
  2708 | D:3      | Found a glowing drain.
  3911 | D:3      | Reached skill level 4 in Axes
  4061 | D:3      | Reached XP level 6. HP: 30/38 MP: 9/9
  4147 | D:3      | Found a runed translucent door.
  4148 | D:3      | Noticed Nebesus's ghost (novice MiFi)
  4489 | D:4      | Found a staircase to the Ecumenical Temple.
  4491 | D:4      | Noticed Sigmund
  4503 | D:4      | Killed Sigmund
  4503 | D:4      | Reached skill level 1 in Polearms
  4503 | D:4      | Reached XP level 7. HP: 34/43 MP: 10/10
  4514 | Temple   | Entered the Ecumenical Temple
  4786 | D:4      | Noticed Blork the orc
  4799 | D:4      | Killed Blork the orc
  4799 | D:4      | Reached skill level 5 in Armour
  4853 | D:4      | Found a shimmering blue altar of Sif Muna.
  5863 | D:5      | Entered Level 5 of the Dungeon
  5975 | D:5      | Reached XP level 8. HP: 48/48 MP: 11/11
  6099 | D:5      | Found a glowing drain.
  6116 | Sewer    | Entered a sewer
  6260 | Sewer    | Reached skill level 5 in Axes
  6289 | Sewer    | Found a white marble altar of Elyvilon.
  6397 | D:5      | Reached skill level 5 in Fighting
  6541 | D:5      | Reached skill level 6 in Axes
  7285 | D:6      | Reached skill level 7 in Axes
  7285 | D:6      | Reached XP level 9. HP: 54/54 MP: 12/12
  7291 | D:6      | Found a bloodstained altar of Trog.
  7543 | D:7      | Reached skill level 1 in Throwing
  7706 | D:7      | Found a white marble altar of Elyvilon.
  7710 | D:7      | Noticed Pikel
  7770 | D:7      | Blown up by Pikel

Levels and vault maps discovered:
D:1:      ncdulo_smallfort, layout_rooms, minivault_14, minmay_misc_feat_cross,
          wad_woods_river_04
D:2:      layout_basic, amethyst_overflow_temple_binary, marbit_many_paths,
          minmay_rat_gold_closets
D:3:      layout_basic, gup_sewer_entry_bubbles, first_ration,
          hellmonk_ghost_happy_afterlife
D:4:      layout_basic, tgw_sif, minmay_temple_entry_slanted, uniq_sigmund,
          uniq_blork_the_orc
D:5:      layout_basic, cheibrodos_sewer_entry_sluice
D:6:      layout_cave_pools, nicolae_overflow_hidden_temple
D:7:      layout_basic, elyvilon_altar_5, the_bakery, grunt_decor_fettered,
          chequers_serial_rivers_small_3, uniq_pikel
Temple:   eino_temple_lava

Skill      XL: |  1  2  3  4  5  6  7  8  9 |
---------------+----------------------------+-----
Axes           | 2 3 4 7 |  7.8
Fighting       | 3 4 5 6 |  6.0
Armour         | 2 3 4 5 6 |  6.2
Polearms       | 1 3 |  3.3
Throwing       | 1 |  1.2
Dodging        | |  1.5
Spellcasting   | |  2.0
Charms         | |  2.6

Action                   |  1- 3 |  4- 6 |  7- 9 || total
-------------------------+-------+-------+-------++-------
Melee: Hand axe          |    99 |   177 |       ||   276
       Trident           |       |    58 |   223 ||   281
       War axe           |       |       |    95 ||    95
Throw: Dart              |     2 |       |    10 ||    12
       Boomerang         |       |       |     4 ||     4
 Cast: Infusion          |     8 |     9 |     2 ||    19
       Song of Slaying   |       |       |     2 ||     2
  Use: Scroll            |       |     4 |     6 ||    10
  Eat: Chunk             |     7 |    16 |    11 ||    34
Armor: Leather armour    |    37 |       |       ||    37
       Ring mail         |     5 |   119 |   213 ||   337
Dodge: Dodged            |    69 |   127 |   196 ||   392
